 Dungeon Crawl Stone Soup version 0.26-a0-739-gf55cbd344a (webtiles) character file.

Game seed: 7364701774229967601

15598 mhtbhm the Severer (level 12, -7/110 HPs)
             Began as a Minotaur Berserker on Nov 5, 2020.
             Was a High Priest of Trog.
             Killed by divine providence
             ... invoked by Saint Roka
              (12 damage)
             ... on level 1 of the Orcish Mines.
             The game lasted 00:20:00 (13812 turns).

mhtbhm the Severer (Minotaur Berserker)            Turns: 13812, Time: 00:20:01

Health: -7/110     AC: 17    Str: 34    XL:     12   Next: 2%
Magic:  3/3        EV: 11    Int:  4    God:    Trog [*****.]
Gold:   1213       SH:  0    Dex:  9    Spells: 11/11 levels left

rFire    . . .     SeeInvis .   a - +2 battleaxe (antimagic)
rCold    + . .     Faith    +   (shield currently unavailable)
rNeg     . . .     Spirit   .   b - +1 chain mail
rPois    .         Reflect  .   (helmet restricted)
rElec    .         Harm     .   (no cloak)
rCorr    .         Rampage  .   y - +0 pair of gloves
MR       .....                  G - +2 pair of boots
Stlth    ..........             i - amulet of faith
HPRegen  0.28/turn              D - ring of protection from cold
MPRegen  0.08/turn              w - +6 ring of strength

@: berserk cooldown, slowed, very slow
A: retaliatory headbutt, horns 2
a: Berserk, Trog's Hand, Brothers in Arms, Renounce Religion


You were on level 1 of the Orcish Mines.
You worshipped Trog.
Trog was extremely pleased with you.
You visited 2 branches of the dungeon, and saw 12 of its levels.

You collected 1513 gold pieces.
You spent 300 gold pieces at shops.

Inventory:

Hand Weapons
 a - a +2 antimagic battleaxe (weapon)
Missiles
 n - 4 throwing nets
 p - 8 curare-tipped darts (quivered)
Armour
 b - a +1 chain mail (worn)
 y - a +0 pair of gloves (worn)
 A - a +0 pair of boots
 G - a +2 pair of boots (worn)
Jewellery
 e - an uncursed ring of positive energy
 i - an amulet of faith (around neck)
 w - a +6 ring of strength (right hand)
 x - an uncursed amulet of reflection
 D - a ring of protection from cold (left hand)
Wands
 u - a wand of random effects (51)
 z - a wand of iceblast (17)
 I - a wand of acid (8)
 J - a wand of flame (26)
 K - a wand of paralysis (7)
Scrolls
 c - 6 scrolls of teleportation
 d - 2 scrolls of enchant weapon
 j - 2 scrolls of immolation
 m - 4 scrolls of enchant armour
 q - a scroll of magic mapping
 v - a scroll of silence {unknown}
 B - 2 scrolls of remove curse {unknown}
 C - 2 scrolls of fear {unknown}
 E - a scroll of amnesia {unknown}
 L - a scroll of blinking {unknown}
 M - a scroll of random uselessness {unknown}
Potions
 f - 3 potions of curing
 g - 2 potions of heal wounds
 k - 2 potions of attraction
 o - 2 potions of brilliance {unknown}
 r - a potion of mutation {unknown}
 s - a potion of lignification {unknown}
 t - a potion of haste {unknown}
 F - 2 potions of ambrosia {unknown}
Miscellaneous
 l - a condenser vane (inert)


   Skills:
 + Level 11.6 Fighting
 + Level 16.1 Axes
 + Level 0.1 Throwing
 + Level 10.7 Armour
 + Level 4.9 Dodging
 + Level 2.1 Stealth
 + Level 0.3 Evocations


You had 11 spell levels left.
You didn't know any spells.
Your spell library was empty.

Dungeon Overview and Level Annotations

Branches:
Dungeon (10/15)            Temple (0/1) D:4            Lair (0/6) D:10
    Orc (2/2) D:10            Elf (0/3) Orc:2

Altars:
Ashenzari
Fedhas
Kikubaaqudgha
Xom
Beogh

Shops:
D:9 }   Orc:1 :

Annotations:
Orc:1 Saint Roka


Innate Abilities, Weirdness & Mutations

You reflexively headbutt those who attack you in melee.
You have a pair of horns on your head.


Message History

* * * LOW HITPOINT WARNING * * *
You chop Saint Roka into pieces!!! You headbutt Saint Roka.
Saint Roka is severely wounded.
Your ogre closely misses the orc warrior.
The orc warrior hits you from afar with a +0 glaive!
* * * LOW HITPOINT WARNING * * *
Saint Roka calls down the wrath of Beogh upon you.
Beogh smites you!
* * * LOW HITPOINT WARNING * * *
Your ogre barely misses the orc warrior.
You climb upwards.
Your summoned ally is left behind.
You feel a strong urge to attack something.
There is a stone staircase leading down, spattered with blood here.
Unknown command.
You are no longer berserk.
You are exhausted.
You feel yourself slow down.
Saint Roka calls down the wrath of Beogh upon you.
Beogh smites you!
You die...

.#.###..#..........##
..#.##............##
....###....#.[)..##
#.....#...####...##
....).)#.## ##....#
..##รท.))## #....##
.......#.## ##.#o##
...))##...####..>.###
.)..###....#....@##.###
#)).###...............##
.).##...#.....#........#
#.)##...##...##.....#.##
#.[.#...#.....#....####
....###....##.....##
.....##..#####...##
....###..># #..## ....#
##.## ####


You could see Saint Roka.

Vanquished Creatures
  A two-headed ogre (Orc:1)
  3 death yaks (D:10)
  An orc high priest (Orc:2)
  An unseen horror (D:10)
  An orc knight (Orc:2)
  2 orc sorcerers (Orc:1)
  A troll (D:9)
  A hornet (D:9)
  2 wraiths (D:9)
  4 yaks (D:9)
  A wyvern (D:5)
  Eustachio (D:5)
  A steam dragon (D:8)
  A warg (Orc:2)
  A water moccasin (D:9)
  23 orc warriors
  3 sky beasts
  2 black bears (D:9)
  2 ice beasts (D:9)
  3 phantoms
  10 ogres
  4 centaurs
  A big kobold (D:9)
  7 bullfrogs
  A water moccasin skeleton (D:7)
  2 troll zombies (D:9)
  4 scorpions
  6 killer bees (D:7)
  10 wights
  A quasit (D:10)
  2 bullfrog skeletons
  A centaur zombie (D:9)
  2 bullfrog zombies (D:9)
  2 jellies
  25 orc priests
  6 hounds
  2 human zombies (D:9)
  17 orc wizards
  3 centaur skeletons
  2 human skeletons (D:9)
  2 iguanas
  A hell rat (D:10)
  8 worker ants
  A hound zombie (D:10)
  A howler monkey zombie (D:10)
  4 mummies
  A worker ant zombie (D:5)
  6 adders
  2 river rats (D:10)
  A shadow imp (D:8)
  2 white imps
  An ufetubus (D:6)
  2 oozes
  A dart slug (D:3)
  4 leopard geckos
  66 orcs
  6 bats
  2 giant cockroaches
  2 goblins
  3 hobgoblins
  3 jackals (D:1)
  7 quokkas
  A ball python (D:6)
  5 frilled lizards
  2 hobgoblin zombies (D:5)
  A jackal zombie (D:5)
  8 kobolds
  An orc skeleton (D:9)
  2 orc zombies (D:5)
  A quokka skeleton (D:8)
  11 rats
321 creatures vanquished.

Vanquished Creatures (collateral kills)
  Harold (D:9)
  A warg (Orc:2)
  A bullfrog zombie (D:9)
3 creatures vanquished.

Grand Total: 324 creatures vanquished

Notes
Turn   | Place    | Note
-------+----------+-------------------------------------------
     0 | D:1      | mhtbhm the Minotaur Berserker began the quest for the Orb.
     0 | D:1      | Reached XP level 1. HP: 19/19 MP: 0/0
   308 | D:1      | Reached XP level 2. HP: 22/27 MP: 1/1
   617 | D:1      | Reached skill level 4 in Axes
  1383 | D:2      | Reached XP level 3. HP: 28/33 MP: 2/2
  1570 | D:2      | Reached ** piety under Trog
  2149 | D:4      | Reached XP level 4. HP: 30/41 MP: 3/3
  2281 | D:4      | Found a staircase to the Ecumenical Temple.
  2288 | D:4      | Noticed an ogre
  2305 | D:4      | Reached skill level 5 in Axes
  2312 | D:4      | Killed an ogre
  2312 | D:4      | Reached skill level 5 in Fighting
  2312 | D:4      | Reached XP level 5. HP: 48/48 MP: 4/4
  2627 | D:4      | Found a blossoming altar of Fedhas.
  2703 | D:4      | Reached skill level 6 in Axes
  2703 | D:4      | Reached XP level 6. HP: 48/56 MP: 5/5
  2935 | D:4      | Reached skill level 7 in Axes
  2935 | D:4      | Reached XP level 7. HP: 44/62 MP: 6/6
  3025 | D:4      | You fall into a shaft and drop 3 floors!
  3059 | D:7      | Reached skill level 1 in Stealth
  3292 | D:7      | Reached skill level 8 in Axes
  3297 | D:7      | Reached *** piety under Trog
  3375 | D:7      | Reached XP level 8. HP: 71/71 MP: 7/7
  3403 | D:7      | Reached skill level 9 in Axes
  3507 | D:7      | Found a broken altar of Ashenzari.
  3705 | D:7      | Reached skill level 5 in Armour
  3706 | D:7      | Reached skill level 10 in Axes
  4119 | D:6      | Reached **** piety under Trog
  4355 | D:6      | Reached XP level 9. HP: 78/81 MP: 8/8
  4697 | D:5      | Entered Level 5 of the Dungeon
  4719 | D:5      | Noticed Eustachio
  4728 | D:5      | Killed Eustachio
  4728 | D:5      | Reached skill level 11 in Axes
  6959 | D:8      | Reached skill level 12 in Axes
  7212 | D:8      | Reached ***** piety under Trog
  7213 | D:8      | Reached XP level 10. HP: 90/90 MP: 9/9
  8044 | D:9      | Paralysed by a hornet for 1 turns
  8220 | D:9      | Found Uffixkog's Gadget Boutique.
  8230 | D:9      | Bought a condenser vane (2/2) for 300 gold pieces
  8315 | D:9      | Received a gift from Trog
  8350 | D:9      | Noticed Harold
  8358 | D:9      | Reached skill level 13 in Axes
  8363 | D:9      | Killed Harold
  9010 | D:9      | Reached skill level 10 in Fighting
  9011 | D:9      | Found an ancient bone altar of Kikubaaqudgha.
  9147 | D:9      | Reached skill level 14 in Axes
  9687 | D:10     | Entered Level 10 of the Dungeon
  9731 | D:10     | Noticed a death yak
  9733 | D:10     | Found a staircase to the Lair.
  9733 | D:10     | Noticed a death yak
  9734 | D:10     | Noticed a death yak
  9748 | D:10     | Killed a death yak
  9748 | D:10     | Reached XP level 11. HP: 72/101 MP: 10/10
  9753 | D:10     | Killed a death yak
  9764 | D:10     | Killed a death yak
 10212 | D:10     | Killed an unseen horror
 10336 | D:10     | Found a staircase to the Orcish Mines.
 10542 | Orc:1    | Entered Level 1 of the Orcish Mines
 10542 | Orc:1    | Noticed an orc sorcerer
 10548 | Orc:1    | Paralysed by an orc sorcerer for 3 turns
 10553 | Orc:1    | Killed an orc sorcerer
 10553 | Orc:1    | Reached skill level 15 in Axes
 10755 | Orc:1    | Noticed an orc sorcerer
 10770 | Orc:1    | Paralysed by an orc sorcerer for 6 turns
 10785 | Orc:1    | Killed an orc sorcerer
 10785 | Orc:1    | Received a gift from Trog
 10785 | Orc:1    | Reached skill level 10 in Armour
 11411 | Orc:2    | Entered Level 2 of the Orcish Mines
 11460 | Orc:2    | Found a roughly hewn altar of Beogh.
 11585 | Orc:2    | Found a staircase to the Elven Halls.
 11664 | Orc:2    | Noticed an orc high priest
 11687 | Orc:2    | Killed an orc high priest
 11903 | Orc:2    | Noticed an orc knight
 11967 | Orc:2    | Killed an orc knight
 12404 | Orc:1    | Found a shimmering altar of Xom.
 12420 | Orc:1    | Noticed a two-headed ogre
 12426 | Orc:1    | Killed a two-headed ogre
 12426 | Orc:1    | Received a gift from Trog
 12426 | Orc:1    | Reached skill level 16 in Axes
 12729 | Orc:1    | Found Quet Ato's Book Shop.
 13233 | Orc:2    | Noticed an orc high priest
 13237 | Orc:2    | Noticed Saint Roka
 13256 | Orc:2    | Reached XP level 12. HP: 62/110 MP: 3/11
 13809 | Orc:2    | HP: 6/165 [Saint Roka/divine providence (12)]
 13812 | Orc:1    | Killed from afar by Saint Roka

Illustrated notes

Levels and vault maps discovered:
D:1:      wander_arrival_estate, layout_basic, hex_tiny
D:2:      layout_basic
D:3:      layout_basic, xom_butterflies
D:4:      layout_loops_corners, fedhas_altar_2, minmay_temple_entry_slanted,
          minmay_crossroads
D:5:      layout_loops_ring, minmay_mini_ossuary, uniq_eustachio
D:6:      layout_rooms, minmay_fractal_squares_diagonal_5
D:7:      layout_loops_ring, nicolae_overflow_hidden_temple,
          kennysheep_big_empty_room
D:8:      layout_basic, hangedman_abyss_or_decor_slice, grunt_decor_resistance
D:9:      layout_irregular_city, lemuel_mausoleum_altar_kikubaaqudgha,
          serial_shops, shop, uniq_harold
D:10:     layout_rooms, dpeg_lair_monsters, orc_0_dummy
Orc:1:    nicolae_orc_accident_1, layout_diamond_mine, special_room
          [special_room_bee], basic_altar, serial_shops, nicolae_shop_stone
Orc:2:    st_orc_pillars, layout_caves, basic_altar, uniq_saint_roka

Skill      XL: |  1  2  3  4  5  6  7  8  9 10 11 |
---------------+----------------------------------+-----
Fighting       | 4 5 6 7 8 10 11 | 11.6
Axes           | 4 5 6 7 8 10 12 14 16 | 16.1
Dodging        | 3 4 |  4.9
Armour         | 3 5 7 9 10 | 10.7
Stealth        | 1 2 |  2.1
Throwing       | |  0.1
Evocations     | |  0.3

Action                   |  1- 3 |  4- 6 |  7- 9 | 10-12 || total
-------------------------+-------+-------+-------+-------++-------
Melee: Hand axe          |    63 |    43 |    47 |       ||   153
       Headbutt          |     6 |    12 |    43 |    88 ||   149
       War axe           |       |       |   181 |   257 ||   438
       Battleaxe         |       |       |       |   161 ||   161
Throw: Dart              |       |       |       |     2 ||     2
Invok: Berserk           |       |     1 |     5 |     3 ||     9
       Brothers in Arms  |       |       |       |     2 ||     2
Evoke: Wand              |       |       |       |     2 ||     2
       Condenser vane    |       |       |       |     2 ||     2
  Use: Scroll            |     1 |     1 |     7 |     3 ||    12
       Potion            |       |       |     1 |     2 ||     3
 Stab: Confused          |       |       |       |     1 ||     1
Armor: Animal skin       |    12 |     1 |       |       ||    13
       Chain mail        |       |     8 |    89 |   182 ||   279
Dodge: Dodged            |    40 |    10 |    98 |   178 ||   326

Table legend: (Time is in decaauts)
 A = Elapsed time spent in this place.
 B = Non-inter-level travel time spent in this place.
 C = Inter-level travel time spent in this place.
 D = Time resting spent in this place.
 E = Time spent auto-exploring this place.
 F = Levels seen in this place.
 G = Mean time per level.
                   A        B        C        D        E       F      G
               +--------+--------+--------+--------+--------+-----+--------+
         Total |  13815 |  13761 |     54 |   4176 |   6627 |  12 | 1151.2 |
       Dungeon |  10558 |  10504 |     54 |   2548 |   6100 |  10 | 1055.8 |
  Orcish Mines |   3257 |   3257 |      0 |   1628 |    527 |   2 | 1628.5 |
               +--------+--------+--------+--------+--------+-----+--------+

Top non-repeatable levels by time:
   Orc:1: 2002 daAuts
     D:9: 1832 daAuts
     D:7: 1402 daAuts
     D:4: 1380 daAuts
     D:1: 1272 daAuts
   Orc:2: 1254 daAuts
     D:6: 1044 daAuts
     D:5: 1038 daAuts
     D:8: 900 daAuts
    D:10: 840 daAuts
     D:2: 563 daAuts
     D:3: 285 daAuts
